 Dungeon Crawl Stone Soup version 0.18-a0-1800-gdc7a371 (webtiles) character file.

42 Fainsinger the Vexing (level 3, -5/26 HPs)
             Began as a Human Arcane Marksman on Apr 24, 2016.
             Slain by Sigmund
             ... wielding a +0 scythe
              (8 damage)
             ... on level 2 of the Dungeon.
             The game lasted 00:38:35 (897 turns).

Fainsinger the Vexing (Human Arcane Marksman)        Turns: 897, Time: 00:38:36

Health: -5/26      AC:  2    Str: 11    XL:     3   Next: 77%
Magic:  5/5        EV: 12    Int: 13    God:
Gold:   44         SH:  0    Dex: 13    Spells: 2 memorised, 1 level left

rFire  . . .     SeeInvis .     a - +0 shortbow
rCold  . . .     Gourm    .     b - +0 robe
rNeg   . . .     Faith    .     (shield currently unavailable)
rPois  .         Spirit   .     (no helmet)
rElec  .         Dismiss  .     (no cloak)
rCorr  .         Reflect  .     (no gloves)
SustAt .         Harm     .     (no boots)
MR     .....                    e - amulet of regeneration
Stlth  +.........               (no ring)
                                (no ring)

@: confused, slowed, very slow, not resistant to hostile enchantments, very
unstealthy
A: no striking features
a: no special abilities


You were on level 2 of the Dungeon.
You were not hungry.

You visited 1 branch of the dungeon, and saw 2 of its levels.

You collected 44 gold pieces.

Inventory:

Hand Weapons
 a - a +0 shortbow (weapon)
 o - a +0 club
Missiles
 d - 24 arrows (quivered)
 i - 78 stones
Armour
 b - a +0 robe (worn)
Jewellery
 e - an amulet of regeneration (around neck)
 j - an uncursed amulet of guardian spirit {unknown}
Scrolls
 h - 2 scrolls of identify {unknown}
 k - a scroll of teleportation {unknown}
 m - a scroll of remove curse {unknown}
 n - a scroll of noise {unknown}
 r - a scroll of enchant armour {unknown}
Potions
 l - 2 potions of flight {unknown}
 q - a potion of invisibility {unknown}
Books
 c - a book of Debilitation

   Spells                             Type                      Level
   a - Corona                         Hexes                        1
   b - Slow                           Hexes                        2
   c - Gell's Gravitas                Hexes/Translocation          3
   d - Inner Flame                    Hexes/Fire                   3
   e - Cause Fear                     Hexes                        4
   f - Leda's Liquefaction            Hexes/Earth                  4
Comestibles
 f - a bread ration
 g - 2 chunks of flesh
 p - 3 fruits


   Skills:
 + Level 1.3 Fighting
 * Level 3.0 Bows
 - Level 2.0 Dodging
 + Level 1.3 Spellcasting
 + Level 3.4 Hexes


You had one spell level left.
You knew the following spells:

 Your Spells              Type           Power        Failure   Level  Hunger
a - Corona                Hex            #......      10%         1    ##.....
b - Slow                  Hex            #.......     12%         2    ###....


Dungeon Overview and Level Annotations

Branches:
Dungeon (2/15)

Altars:

Annotations:
D:2 Sigmund


Message History

You feel yourself slow down.
You are confused.
You are more confused.
You hear a zap.
You feel as though you will be slow longer.
You hear some strange, mumbled words.
You are more confused.
A magic dart appears from out of thin air!
The magic dart hits you!
Found a chain mail.
You bump into the rock wall.
Something hits you! Something hits you!
Ouch! That really hurt!
* * * LOW HITPOINT WARNING * * *
You hear some strange, mumbled words.
You are more confused.
You bump into the rock wall.
You hear a zap.
Something tries to affect you, but you resist.
Something hits you!
You die...

#...###..#..........#.#
#...#...#............#
#....#.#..........###
#....#.#..........#
#..#...#..........# .
#..##<.#..###.##..#..
##...##........###...#
#...[##......###....##
#.@#...............
##..{.....##..##.##
##..........##
.........#..####.
#.##....##(....>.. ..
#.#.....#####.. ..
....[..### #.. ##.#...#
.. #.#{..#


There were no monsters in sight!

Vanquished Creatures
  An ooze (D:1)
  2 dart slugs
  9 bats
  A giant cockroach (D:1)
  4 hobgoblins (D:1)
  4 jackals (D:1)
  3 kobolds
  A ball python (D:1)
  A giant newt (D:1)
  2 goblins (D:1)
  4 rats (D:1)
32 creatures vanquished.

Notes
Turn   | Place    | Note
--------------------------------------------------------------
     0 | D:1      | Fainsinger the Human Arcane Marksman began the quest for the Orb.
     0 | D:1      | Reached XP level 1. HP: 15/15 MP: 2/2
    39 | D:1      | Reached XP level 2. HP: 18/21 MP: 3/3
   181 | D:1      | Learned a level 2 spell: Slow
   429 | D:1      | Reached XP level 3. HP: 26/26 MP: 5/5
   733 | D:2      | Noticed Sigmund
   895 | D:2      | HP: 1/26 [something (13)]
   897 | D:2      | Slain by Sigmund

Vault maps used:
D:1:      minmay_arrival_jagged
D:2:      fedhas_altar_fruit_tree, bloody_trog, grunt_ministairs_14,
          nicolae_qazlal_style_of_elements, uniq_sigmund

Skill      XL: |  1  2  3 |
---------------+----------+-----
Bows           | 3 |  3.0
Fighting       | |  1.3
Dodging        | |  2.0
Spellcasting   | |  1.3
Hexes          | |  3.4

Action                   || total
-------------------------++-------
 Fire: Shortbow          ||    73
Armor: Robe              ||     8
Dodge: Dodged            ||    34
